 Dungeon Sprint DCSS version 0.30-a0-918-g0ff054e9dc (webtiles) character file.

Game seed: 15449618637301548929

2500000 BigDaddyOpFi the Acrobat (level 18, -14/151 HPs)
             Began as a Djinni Warper on Mar 20, 2023.
             Was a High Priest of Makhleb.
             Demolished by a bag of meat
             ... wielding a +9 war axe
              (39 damage)
             ... in the Dungeon (Sprint VIII: "Arena of Blood").
             The game lasted 00:00:28 (25 turns).

BigDaddyOpFi the Acrobat (Djinni Warper)              Turns: 25, Time: 00:00:29

Health: -14/151    AC:  5    Str: 10    XL:     18   Next: 58%
Gold:   0          EV: 28    Int: 16    God:    Makhleb [*****.] SH:  0 Dex: 20

rFire   + + .      SeeInvis .    h - +∞ Axe of Woe
rCold   x . .      Faith    .    (shield currently unavailable)
rNeg    . . .      Spirit   .    a - +0 leather armour
rPois   ∞          Reflect  .    (no helmet)
rElec   .          Rampage  .    (no cloak)
rCorr   .          NoTele   +    (no gloves)
Will    +....                    (boots unavailable)
Stlth   ++++++                   (no amulet)
HPRegen 0.45/turn                (no ring)
MPRegen 0.00/turn                (no ring)

@: flying
A: sickness immunity, fire resistance 2, cold vulnerability 1, float, innate
caster, HP casting, extra vitality 1
a: Renounce Religion, Minor Destruction, Lesser Servant of Makhleb, Major
Destruction, Greater Servant of Makhleb


You were in the Dungeon.
You worshipped Makhleb.
Makhleb was extremely pleased with you.
You visited 1 branch

Inventory:

Hand Weapons
 h - the +∞ Axe of Woe (weapon)
   (You found it in the Dungeon)
Missiles
 c - 7 boomerangs of dispersal (quivered)
Armour
 a - a +0 leather armour (worn)
Scrolls
 b - 2 scrolls of blinking
Potions
 d - a potion of curing
 e - a potion of heal wounds
 f - a potion of haste
 g - a potion of berserk rage


   Skills:
 + Level 20.9 Fighting
 + Level 14.7 Axes
 + Level 17.8 Throwing
 + Level 20.8 Armour
 + Level 22.5 Dodging
 + Level 16.0 Stealth
 + Level 20.8 Unarmed Combat
 + Level 16.7 Spellcasting
 + Level 17.3 Invocations


You knew the following spells:

 Your Spells              Type           Power      Damage    Failure   Level
a - Blink                 Tloc           100%       N/A       0%          2
b - Lesser Beckoning      Tloc           100%       N/A       0%          2
c - Vhi's Electric Charg  Tloc/Air       100%       N/A       0%          3
d - Teleport Other        Tloc           61%        N/A       0%          3
e - Manifold Assault      Tloc           61%        N/A       1%          4
f - Beastly Appendage     Tmut           100%       N/A       0%          1
g - Passwall              Tmut/Erth      50%        N/A       0%          2
h - Tukima's Dance        Hex            61%        N/A       0%          3
i - Flame Wave            Conj/Fire      61%        2d14      1%          4
j - Freezing Cloud        Conj/Ice/Air   30%        6-21      1%          5
k - Arcjolt               Conj/Air       30%        1d40      1%          5
l - Death Channel         Necr           30%        N/A       1%          6
m - Haunt                 Necr/Summ      30%        N/A       4%          7
Your spell library was empty.

Dungeon Overview and Level Annotations

Branches:
Dungeon (1/1)

Altars:
Makhleb


Innate Abilities, Weirdness & Mutations

You are immune to sickness and miasma.
You are immune to poison.
Your flesh is very heat resistant. (rF++)
You are vulnerable to cold. (rC-)
You float through the air rather than walking.
You learn spells naturally, not from books.
Your magical power is your life essence.
You have superior vitality. (+4 MHP)


Message History

Your Fighting skill gained 2 levels and is now at level 20!
Your Axes skill gained 2 levels and is now at level 14!
Your Throwing skill gained 2 levels and is now at level 17!
Your Armour skill gained 2 levels and is now at level 20!
Your Dodging skill gained 2 levels and is now at level 22!
Your Stealth skill gained 2 levels and is now at level 15!
Your Unarmed Combat skill gained 2 levels and is now at level 20!
Your Spellcasting skill gained 2 levels and is now at level 16!
Your Invocations skill gained 2 levels and is now at level 16!
You have reached level 18!
Unknown command.
The eight-headed meat hydra roars!
The bag of meat shouts! x2
The large bag of meat shouts in stereo!
You slash the meat berserker!
You chop the meat berserker into pieces.
You kill the meat berserker!
Makhleb accepts your kill.
You hear a shout! x4
A meat berserker comes into view. It is wielding a +9 battleaxe.
A bag of meat comes into view. It is wielding a +9 war axe.
You hear a shout!
The meat berserker hits you with a +9 battleaxe!!!
You hear a shout! x3
A bag of meat comes into view. It is wielding a +9 war axe.
You hear a shout!
A destroyer comes into view. It is wielding a +9 heavy great sword.
The meat berserker moves out of view.
The bag of meat moves out of view.
The destroyer shouts!
Your Stealth skill increases to level 16!
Your Invocations skill increases to level 17!
A meat berserker comes into view. It is wielding a +9 battleaxe.
Unknown command.
Unknown command.
A bag of meat comes into view. It is wielding a +9 war axe.
You hear a shout! x5
The meat berserker hits you with a +9 battleaxe!!!
* * * LOW HITPOINT WARNING * * *
You hear a shout! x2
The bag of meat hits you with a +9 war axe!!!
You die...

#... ...# .
o...###... ...###..
..........###V.....
..#o......._.O...
#.......#..o).#
........#_)<)_#
#.......#o.)..#..
..#...oO).._......
.......@.)###......
.....###O......###..
.... #..o....# . o
#..o....# .O.......
.o.oo.o...
....Do....
....OV....


You could see an eight-headed meat hydra, 2 destroyers, 2 large bags of meat, 3
meat berserkers and 12 bags of meat.

Vanquished Creatures
  A vampire knight (D)
  7 ogres (D)
  8 orcs (D)
16 creatures vanquished.

Notes
Turn   | Place    | Note
-------+----------+-------------------------------------------
     0 | D        | Found the +∞ Axe of Woe
     0 | D        | BigDaddyOpFi the Djinni Warper began the quest for the Orb.
     0 | D        | BigDaddyOpFi set off with the following spells memorised:
                  | Blink, Lesser Beckoning, Vhi's Electric Charge, Teleport
                  | Other, Manifold Assault.
     0 | D        | Reached XP level 1. HP: 18/18 MP: 0/0
     2 | D        | Noticed a meat berserker
     2 | D        | Noticed a bag of meat
     4 | D        | Became a worshipper of Makhleb the Destroyer
     4 | D        | Noticed a bag of meat
     4 | D        | Noticed a bag of meat
     5 | D        | Killed a meat berserker
     5 | D        | Noticed a bag of meat
     6 | D        | Reached skill level 10 in Throwing
     6 | D        | Reached skill level 13 in Dodging
     6 | D        | Reached skill level 10 in Spellcasting
     6 | D        | Reached XP level 2. HP: 39/39 MP: 0/0
     6 | D        | Reached XP level 3. HP: 44/44 MP: 0/0
     6 | D        | Learned a level 1 spell: Beastly Appendage
     6 | D        | Reached XP level 4. HP: 50/50 MP: 0/0
     6 | D        | Reached XP level 5. HP: 56/56 MP: 0/0
     6 | D        | Learned a level 2 spell: Passwall
     6 | D        | Reached XP level 6. HP: 62/62 MP: 0/0
     6 | D        | Reached XP level 7. HP: 67/67 MP: 0/0
     6 | D        | Learned a level 3 spell: Tukima's Dance
     6 | D        | Reached XP level 8. HP: 74/74 MP: 0/0
     6 | D        | Reached XP level 9. HP: 79/79 MP: 0/0
     6 | D        | Learned a level 4 spell: Flame Wave
     6 | D        | Reached XP level 10. HP: 85/85 MP: 0/0
     6 | D        | Reached XP level 11. HP: 91/91 MP: 0/0
     6 | D        | Learned a level 5 spell: Freezing Cloud
     6 | D        | Reached XP level 12. HP: 96/96 MP: 0/0
     7 | D        | Noticed a bag of meat
     8 | D        | Killed a bag of meat
     8 | D        | Reached * piety under Makhleb
     9 | D        | Reached skill level 14 in Dodging
     9 | D        | Reached XP level 13. HP: 103/103 MP: 0/0
     9 | D        | Learned a level 5 spell: Arcjolt
     9 | D        | Noticed a meat berserker
     9 | D        | Killed a bag of meat
     9 | D        | Killed a bag of meat
    10 | D        | Reached skill level 15 in Dodging
    10 | D        | Reached XP level 14. HP: 112/112 MP: 0/0
    10 | D        | Killed a bag of meat
    10 | D        | Reached ** piety under Makhleb
    10 | D        | Noticed a bag of meat
    10 | D        | Noticed a bag of meat
    11 | D        | Reached skill level 15 in Fighting
    11 | D        | Reached skill level 15 in Armour
    11 | D        | Reached skill level 16 in Dodging
    11 | D        | Reached skill level 15 in Unarmed Combat
    12 | D        | Killed a meat berserker
    12 | D        | Noticed a bag of meat
    13 | D        | Reached skill level 17 in Dodging
    13 | D        | Reached skill level 10 in Invocations
    13 | D        | Reached XP level 15. HP: 121/121 MP: 0/0
    13 | D        | Learned a level 6 spell: Death Channel
    15 | D        | Reached *** piety under Makhleb
    15 | D        | Noticed a meat berserker
    16 | D        | Reached skill level 10 in Stealth
    17 | D        | Reached skill level 10 in Axes
    17 | D        | Reached skill level 18 in Dodging
    17 | D        | Killed a meat berserker
    18 | D        | Reached skill level 19 in Dodging
    18 | D        | Reached XP level 16. HP: 109/132 MP: 0/0
    18 | D        | Reached **** piety under Makhleb
    18 | D        | Noticed a meat berserker
    19 | D        | Reached skill level 15 in Throwing
    20 | D        | Noticed a meat berserker
    20 | D        | Noticed a meat berserker
    20 | D        | Noticed a destroyer
    21 | D        | Noticed a meat berserker
    21 | D        | Noticed a meat berserker
    22 | D        | Noticed a large bag of meat
    22 | D        | Noticed a meat berserker
    22 | D        | Killed a destroyer
    23 | D        | Reached skill level 20 in Dodging
    23 | D        | Reached XP level 17. HP: 72/139 MP: 0/0
    23 | D        | Learned a level 7 spell: Haunt
    23 | D        | Killed a meat berserker
    23 | D        | Killed a meat berserker
    23 | D        | Killed a meat berserker
    23 | D        | Reached ***** piety under Makhleb
    23 | D        | Noticed a destroyer
    23 | D        | Noticed a large bag of meat
    24 | D        | Reached skill level 22 in Dodging
    24 | D        | Reached skill level 15 in Stealth
    24 | D        | Reached XP level 18. HP: 151/151 MP: 0/0
    24 | D        | Noticed an eight-headed meat hydra
    24 | D        | Killed a meat berserker
    24 | D        | Noticed a meat berserker
    24 | D        | Noticed a destroyer
    25 | D        | Noticed a meat berserker
    25 | D        | Demolished by a bag of meat

Illustrated notes

Levels and vault maps discovered:
D:        meatsprint

Skill      XL: |  1  2  3  4  5  6  7  8  9 10 11 12 13 14 15 16 17 18 |
---------------+-------------------------------------------------------+-----
Fighting       | 12 13 14 15 17 18 20 | 20.9
Throwing       | 10 11 12 13 14 15 17 | 17.8
Armour         | 12 13 14 15 17 18 20 | 20.8
Dodging        | 13 14 15 17 19 20 22 | 22.5
Unarmed Combat | 12 13 14 15 17 18 20 | 20.8
Spellcasting   | 10 11 12 14 16 | 16.7
Axes           | 3 6 8 10 12 14 | 14.7
Stealth        | 4 6 9 11 13 15 16 | 16.0
Invocations    | 4 7 10 12 14 16 17 | 17.3

Action                     |  1- 3 |  4- 6 |  7- 9 | 10-12 | 13-15 | 16-18 || total
---------------------------+-------+-------+-------+-------+-------+-------++-------
  Melee: Executioner's axe |     1 |       |       |     1 |     7 |     4 ||    13
  Dodge: Dodged            |       |       |       |       |     2 |     1 ||     3

Table legend: (Time is in decaauts)
 A = Elapsed time spent in this place.
 B = Non-inter-level travel time spent in this place.
 C = Inter-level travel time spent in this place.
 D = Time resting spent in this place.
 E = Time spent auto-exploring this place.
 F = Levels seen in this place.
 G = Mean time per level.
                   A        B        C        D        E       F      G
               +--------+--------+--------+--------+--------+-----+--------+
         Total |     31 |     31 |      0 |      0 |      0 |   1 |   31.0 |
       Dungeon |     31 |     31 |      0 |      0 |      0 |   1 |   31.0 |
               +--------+--------+--------+--------+--------+-----+--------+

Top non-repeatable levels by time:
       D: 31 daAuts
